 Dungeon Crawl Stone Soup version 0.31-a0-949-g57150269e1 (webtiles) character file.

Game seed: 872506865849765308

562 mattiecakes the Fighter (level 7, 0/85 HPs)
             Began as an Ogre Berserker on Oct 22, 2023.
             Was a Priest of Trog.
             Slain by a kobold
             ... wielding a +3 short sword
              (1 damage)
             ... on level 4 of the Dungeon.
             The game lasted 00:15:25 (3077 turns).

mattiecakes the Fighter (Ogre Berserker)            Turns: 3077, Time: 00:15:25

Health: 0/85       AC:  3    Str: 24    XL:     7   Next: 31%
Magic:  7/7        EV: 10    Int: 14    God:    Trog [***...]
Gold:   58         SH:  0    Dex:  8    Spells: 6/6 levels left

rFire   . .          .
                       - Unarmed
rCold   . . .        (no shield)
rNeg    . . .        a - +0 animal skin
rPois   .            (helmet restricted)
rElec   .            (no cloak)
rCorr   .            (gloves unavailable)
SInv    .            (boots unavailable)
Will    .....        (no amulet)
Stlth   +            j - +6 ring of intelligence
HPRegen 0.34/turn    (no ring)
MPRegen 0.10/turn

%: no passive effects
@: lethally poisoned (0 -> -3)
A: large, unfitting armour, tough skin 1
a: Renounce Religion, Berserk, Trog's Hand


You were on level 4 of the Dungeon.
You worshipped Trog.
Trog was most pleased with you.
You visited 1 branch of the dungeon, and saw 4 of its levels.

You collected 58 gold pieces.

Inventory:

Armour
 a - a +0 animal skin (worn)
 o - a +0 scale mail
Jewellery
 j - a +6 ring of intelligence (left hand)
Scrolls
 c - 2 scrolls of fear {unknown}
 g - a scroll of identify {unknown}
 i - 2 scrolls of teleportation {unknown}
 k - a scroll of poison {unknown}
 l - a scroll of immolation {unknown}
 m - a scroll of brand weapon {unknown}
 n - a scroll of butterflies {unknown}
Potions
 b - a potion of ambrosia {unknown}
 d - a potion of cancellation {unknown}
 e - a potion of haste {unknown}
 f - 2 potions of brilliance {unknown}
 h - a potion of magic {unknown}


   Skills:
 + Level 10.0 Fighting
 - Level 3.2 Dodging
 - Level 3.2 Unarmed Combat


You had 6 spell levels left.
You didn't know any spells.
Your spell library was empty.

Dungeon Overview and Level Annotations

Branches:
Dungeon (4/15)
 Temple: D:4-7

Altars:


Innate Abilities, Weirdness & Mutations

You are too large for most types of armour.
You have tough skin. (AC +1)


Message History

You hit the kobold.
The kobold is severely wounded.
The kobold hits you with a +3 short sword.
The kobold closely misses you. x2
You hit the kobold.
You kill the kobold!
Trog accepts your kill.
The kobold hits you with a +3 short sword.
The kobold hits you with a +0 short sword.
You hit the kobold but do no damage.
The kobold hits you with a +3 short sword.
* * * LOW HITPOINT WARNING * * *
The kobold barely misses you.
The kobold hits you with a +1 short sword of venom.
* * * LOW HITPOINT WARNING * * *
You are poisoned.
You closely miss the kobold.
You feel sick.
The kobold hits you with a +3 short sword.
* * * LOW HITPOINT WARNING * * *
The kobold barely misses you.
The kobold hits you with a +1 short sword of venom.
* * * LOW HITPOINT WARNING * * *
Unknown command.
You barely miss the kobold.
You feel sick. The kobold hits you but does no damage.
The kobold hits you with a +1 short sword of venom.
* * * LOW HITPOINT WARNING * * *
The kobold closely misses you.
You closely miss the kobold.
You feel sick. The kobold barely misses you.
The kobold hits you with a +0 short sword.
* * * LOW HITPOINT WARNING * * *
The kobold hits you with a +1 short sword of venom.
* * * LOW HITPOINT WARNING * * *
Unknown command.
Unknown command.
You closely miss the kobold.
* * * LOW HITPOINT WARNING * * *
You feel sick.
The kobold hits you with a +3 short sword.
You die...

#.. #.. .. #.> ♣..
#.# .... #.# .....
#.# ##♣♣..... #.#
#@KK.♣ #####.#
###♣KKK.♣
#....>####P♣♣.♣.#.P..
#.###....#...P♣## ..:
#.# ##...♣..P.### .
#(# ##.....###.# #.#
#..P###...# ####.#
########.### .....#
#........# ♣♣


You could see 5 kobolds.

Vanquished Creatures
  Grinder (D:4)
  A phantom (D:4)
  A kobold brigand (D:4)
  A scorpion (D:4)
  An orc priest (D:3)
  Jessica (D:2)
  4 adders (D:2)
  2 dart slugs
  6 orcs (D:3)
  6 endoplasms
  5 giant cockroaches
  7 goblins
  9 hobgoblins
  2 quokkas
  6 ball pythons
  5 bats
  2 frilled lizards (D:2)
  17 kobolds
  6 rats
83 creatures vanquished.

Notes
Turn   | Place    | Note
-------+----------+-------------------------------------------
     0 | D:1      | mattiecakes the Ogre Berserker began the quest for the Orb.
     0 | D:1      | Reached XP level 1. HP: 24/24 MP: 1/1
   265 | D:1      | Reached XP level 2. HP: 23/32 MP: 2/2
   830 | D:2      | Reached XP level 3. HP: 32/40 MP: 3/3
  1007 | D:2      | Reached ** piety under Trog
  1086 | D:2      | Reached skill level 5 in Fighting
  1150 | D:2      | Reached XP level 4. HP: 37/50 MP: 4/4
  1319 | D:2      | Noticed Jessica
  1326 | D:2      | Killed Jessica
  1531 | D:2      | Reached skill level 6 in Fighting
  1918 | D:3      | Reached XP level 5. HP: 51/59 MP: 5/5
  2352 | D:4      | Reached *** piety under Trog
  2353 | D:4      | Reached skill level 7 in Fighting
  2405 | D:4      | Reached XP level 6. HP: 24/72 MP: 6/6
  2572 | D:4      | Noticed Grinder
  2599 | D:4      | Paralysed by Grinder for 3 turns
  2616 | D:4      | Paralysed by Grinder for 5 turns
  2626 | D:4      | Killed Grinder
  2627 | D:4      | Reached skill level 9 in Fighting
  2788 | D:4      | Reached XP level 7. HP: 47/83 MP: 7/7
  3059 | D:4      | Reached skill level 10 in Fighting
  3076 | D:4      | HP: 2/85 [kobold/+0 short sword (3)]
  3077 | D:4      | Slain by a kobold

Illustrated notes

Levels and vault maps discovered:
D:1:      dpeg_arrival_arbitrary_b, layout_basic
D:2:      layout_basic, serial_park_tiny_pond, uniq_jessica
D:3:      layout_rooms
D:4:      kennysheep_kobold_camp, layout_loops_ring, minmay_misc_feat_chi,
          minmay_between, uniq_grinder, uniq_eustachio, uniq_menkaure

Skill      XL: |  1  2  3  4  5  6  7 |
---------------+----------------------+-----
Dodging        | 3 |  3.2
Unarmed Combat | 3 |  3.2
Fighting       | 5 6 7 9 10 | 10.0

Action                     |  1- 3 |  4- 6 |  7- 9 || total
---------------------------+-------+-------+-------++-------
  Melee: Unarmed           |   125 |   148 |    56 ||   329
         Punch             |     1 |     1 |     1 ||     3
 Invoke: Berserk           |       |     2 |       ||     2
         Trog's Hand       |       |     1 |       ||     1
   Stab: Sleeping          |     1 |       |       ||     1
 Armour: Animal skin       |    75 |    95 |    50 ||   220
  Dodge: Dodged            |    65 |    64 |    25 ||   154

Table legend: (Time is in decaauts)
 A = Elapsed time spent in this place.
 B = Non-inter-level travel time spent in this place.
 C = Inter-level travel time spent in this place.
 D = Time resting spent in this place.
 E = Time spent auto-exploring this place.
 F = Levels seen in this place.
 G = Mean time per level.
                   A        B        C        D        E       F      G
               +--------+--------+--------+--------+--------+-----+--------+
         Total |   3076 |   2981 |     95 |    200 |   2200 |   4 |  769.0 |
       Dungeon |   3076 |   2981 |     95 |    200 |   2200 |   4 |  769.0 |
               +--------+--------+--------+--------+--------+-----+--------+

Top non-repeatable levels by time:
     D:2: 1037 daAuts
     D:1: 779 daAuts
     D:4: 746 daAuts
     D:3: 512 daAuts
